 Dungeon Crawl Stone Soup version 0.28.0-47-ge53b351184 (webtiles) character file.

Game seed: 16334020931469896587

77 pkoi the Conjurer (level 3, -2/26 HPs)
             Began as a Demigod Conjurer on May 8, 2022.
             Slain by Natasha (4 damage)
             ... on level 2 of the Dungeon.
             The game lasted 00:01:47 (2344 turns).

pkoi the Conjurer (Demigod Conjurer)                Turns: 2344, Time: 00:01:47

Health: -2/26      AC:  2    Str:  8    XL:     3   Next: 91%
Magic:  4/8        EV: 12    Int: 24    God:
Gold:   115        SH:  0    Dex: 12    Spells: 2/5 levels left

rFire   . . .      SeeInvis .   e - +1 dagger (vamp)
rCold   . . .      Faith    .   (no shield)
rNeg    . . .      Spirit   .   a - +0 robe
rPois   .          Reflect  .   (no helmet)
rElec   .          Harm     .   (no cloak)
rCorr   .          Rampage  .   (no gloves)
Will    .....                   (no boots)
Stlth   ++........              (no amulet)
HPRegen 0.08/turn               (no ring)
MPRegen 0.11/turn               (no ring)

@: no status effects
A: high MP 1, forlorn, divine attributes
a: no special abilities


You were on level 2 of the Dungeon.
You visited 1 branch of the dungeon, and saw 2 of its levels.

You collected 115 gold pieces.

Inventory:

Hand Weapons
 b - a +0 club
 e - a +1 vampiric dagger (weapon)
Armour
 a - a +0 robe (worn)
Scrolls
 d - 2 scrolls of identify
Potions
 c - a potion of might
 f - a potion of lignification {unknown}
 g - a potion of cancellation {unknown}


   Skills:
 - Level 1.7 Dodging
 - Level 1.7 Stealth
 - Level 1.7 Spellcasting
 + Level 5.2 Conjurations


You had 2 spell levels left.
You knew the following spells:

 Your Spells              Type           Power      Damage    Failure   Level
a - Magic Dart            Conj           100%       1d8       1%          1
b - Searing Ray           Conj           54%        2d6       2%          2

Your spell library contained the following spells:

 Spells                   Type           Power      Damage    Failure   Level
 Dazzling Flash           Conj/Hex       28%        N/A       13%         3
 Fulminant Prism          Conj/Hex       7%         3d7       38%         4
 Iskenderun's Mystic Bla  Conj/Tloc      14%        2d5       38%         4


Dungeon Overview and Level Annotations

Branches:
Dungeon (2/15)

Annotations:
D:2 Natasha


Innate Abilities, Weirdness & Mutations

You have an increased reservoir of magic. (+10% MP)
You shall have no god before yourself.
Your divine heritage dramatically boosts your attributes as you level up.


Message History

You kill the goblin!
You can't see any susceptible monsters within range! (Use Z to cast anyway.)
You can't see any susceptible monsters within range! (Use Z to cast anyway.)
You can't see any susceptible monsters within range! (Use Z to cast anyway.)
Found a stone staircase leading down.
You see here a +0 dagger.
g - a blue potion
d - 2 scrolls of identify (gained 1)
There is a stone staircase leading up here.
There is a stone staircase leading up here.
Found a short sword.
You see here a +0 short sword.
Natasha, Servant of Life and Death comes into view.
She is carrying a wand of flame (8).
Natasha hisses angrily.
Natasha claws you.
Natasha is nearby!
Natasha is nearby!
Natasha is nearby!
Natasha is nearby!
The magic dart hits Natasha.
Natasha is lightly wounded.
Natasha claws you!
* * * LOW HITPOINT WARNING * * *
You are too injured to fight recklessly!
You are too injured to fight recklessly!
You are too injured to fight recklessly!
Casting: Magic Dart (safe; 1% risk of failure)
Confirm with . or Enter, or press ? or * to list all spells.
Aiming: Searing Ray (safe; 2% risk of failure)
Press: ? - help, Shift-Dir - straight line, f/p - Natasha
Aim: Natasha, carrying a wand of flame (8) (lightly wounded, 74% to hit)
The searing ray hits Natasha!
Natasha is heavily wounded. (Press . to maintain the ray.) Natasha zaps a wand.
The puff of flame hits you!
* * * LOW HITPOINT WARNING * * *
The searing ray hits Natasha.
Natasha is almost dead.
Natasha claws you.
You die...

#.#..## #.#...#
#.#.#.### #...#...#
#.#####.#
#######...#...# ######
....)...#.#.### .....#
#######.#...#####.....#
# #.........@.....# ##
#.#..######h....#
.######.#..### ......#
.............# .......
.######.#.##.# .......
## ###.##.# ....... #
#.##.# ......# #
##....# .....## ###
#..#..#


You could see Natasha.

Vanquished Creatures
  Natasha (D:2)
  An adder (D:2)
  An adder skeleton (D:2)
  2 dart slugs (D:1)
  5 endoplasms
  A giant cockroach (D:2)
  6 goblins
  3 hobgoblins (D:2)
  2 quokkas
  2 ball pythons (D:1)
  3 bats (D:1)
  A frilled lizard (D:1)
  4 kobolds
  4 rats (D:1)
36 creatures vanquished.

Notes
Turn   | Place    | Note
-------+----------+-------------------------------------------
     0 | D:1      | pkoi the Demigod Conjurer began the quest for the Orb.
     0 | D:1      | Reached XP level 1. HP: 14/14 MP: 5/5
   285 | D:1      | Reached skill level 4 in Conjurations
   397 | D:1      | Reached XP level 2. HP: 20/20 MP: 0/7
  1440 | D:2      | Reached XP level 3. HP: 26/26 MP: 6/8
  1468 | D:2      | Noticed Natasha
  1473 | D:2      | Killed Natasha
  1474 | D:2      | Reached skill level 5 in Conjurations
  1780 | D:1      | Learned a level 2 spell: Searing Ray
  2341 | D:2      | Noticed Natasha
  2344 | D:2      | Slain by Natasha

Illustrated notes

Levels and vault maps discovered:
D:1:      minmay_arrival_arboretum_large, layout_rooms
D:2:      layout_loops_ring, uniq_natasha

Skill      XL: |  1  2  3 |
---------------+----------+-----
Conjurations   | 4 5 |  5.2
Dodging        | |  1.7
Stealth        | |  1.7
Spellcasting   | |  1.7

Action                   || total
-------------------------++-------
Melee: Club              ||     4
 Cast: Magic Dart        ||    73
       Searing Ray       ||     1
  Use: Scroll            ||     4
Dodge: Dodged            ||     3
